 Dungeon Crawl Stone Soup version 0.30-a0-760-g5a9884bb7c (webtiles) character file.

Game seed: 10372976790466022980

70 BigDaddyOpFi the Trooper (level 4, -1/40 HPs)
             Began as a Hill Orc Fighter on Feb 10, 2023.
             Slain by a two-headed ogre
             ... wielding a +0 giant club
              (15 damage)
             ... on level 4 of the Dungeon.
             The game lasted 00:02:00 (2559 turns).

BigDaddyOpFi the Trooper (Hill Orc Fighter)         Turns: 2559, Time: 00:02:01

Health: -1/40      AC:  8    Str: 20    XL:     4   Next: 21%
Magic:  4/4        EV:  6    Int: 20    God:
Gold:   212        SH:  4    Dex: 10    Spells: 3/3 levels left

rFire   . . .      SeeInvis .    a - +0 war axe
rCold   . . .      Faith    .    c - +0 buckler
rNeg    . . .      Spirit   .    b - +0 scale mail
rPois   .          Reflect  .    (no helmet)
rElec   .          Harm     .    (no cloak)
rCorr   .          Rampage  .    t - +0 pair of gloves
Will    .....                    (no boots) Stlth
                                 (no amulet)
HPRegen 0.26/turn                h - +6 ring of intelligence
MPRegen 0.09/turn                i - +6 ring of intelligence

@: mighty, constricted
A: no striking features
a: no special abilities


You were on level 4 of the Dungeon.
You visited 1 branch of the dungeon, and saw 4 of its levels.

You collected 212 gold pieces.

Inventory:

Hand Weapons
 a - a +0 war axe (weapon)
Armour
 b - a +0 scale mail (worn)
 c - a +0 buckler (worn)
 t - a +0 pair of gloves (worn)
Jewellery
 h - a +6 ring of intelligence (left hand)
 i - a +6 ring of intelligence (right hand)
 u - a ring of fire
Scrolls
 p - 2 scrolls of teleportation
 s - a scroll of blinking
Potions
 e - a potion of flight {unknown}
 f - a potion of curing
 k - a potion of mutation {unknown}
 l - a potion of brilliance {unknown}
 m - 3 potions of ambrosia {unknown}
 n - a potion of lignification {unknown}
 o - 2 potions of degeneration {unknown}
 q - a potion of magic {unknown}


   Skills:
 + Level 4.3 Fighting
 + Level 3.7 Axes
 + Level 3.9 Armour
 + Level 3.9 Shields


You had 3 spell levels left.
You didn't know any spells.
Your spell library was empty.

Dungeon Overview and Level Annotations

Branches:
Dungeon (4/15)
 Temple: D:4-7

Altars:


Message History

No target in view!
No target in view!
Done exploring.
No target in view!
Done exploring.
No target in view!
Done exploring.
No target in view!
It was a potion of curing.
You feel better.
It was a potion of heal wounds.
You feel much better.
(D) Dungeon
Where to? (Enter - D:3, ? - help)
There is a stone staircase leading down here.
You climb downwards.
Found a stone.
There is a stone staircase leading up here.
You now have 212 gold pieces (gained 5).
Found a stone staircase leading up.
No target in view!
A two-headed ogre and a ball python come into view.
The two-headed ogre is wielding a +0 giant club and a +2 dire flail of protection.
Found a pair of gloves.
Found an escape hatch in the floor.
The two-headed ogre shouts in stereo!
The ball python hisses angrily.
A hobgoblin comes into view.
The hobgoblin shouts!
The two-headed ogre hits you with a +0 giant club!!
The two-headed ogre hits you with a +2 dire flail of protection!
* * * LOW HITPOINT WARNING * * *
There are monsters nearby!
You are too injured to fight recklessly!
You feel much better.
You feel very mighty all of a sudden.
The two-headed ogre hits you with a +0 giant club!!
Ouch! That really hurt!
* * * LOW HITPOINT WARNING * * *
The two-headed ogre barely misses you.
You feel better. You block the ball python's attack. The ball python grabs you.
The ball python constricts you.
The two-headed ogre hits you with a +0 giant club!
You die...

#.........#
........#
#.......#
........#
#....<..#
......>#
#.##.#.## #<....#
#.##.#.# #.g...#
#.##.#.# ....#
#.....(# #.O#
####.###
..###S@#######.#
................#
#..#....#########
#.......#
#.......#
#.##..#.# #
#.[#.# ####.# ..


You could see a two-headed ogre, a hobgoblin and a ball python.

Vanquished Creatures
  3 dart slugs
  6 orcs (D:3)
  4 ball pythons
  2 bats
  4 endoplasms
  A giant cockroach (D:2)
  3 goblins (D:3)
  7 hobgoblins
  6 jackals
  2 quokkas
  2 frilled lizards
  3 kobolds
  6 rats
  A spectral kobold (D:1)
50 creatures vanquished.

Notes
Turn   | Place    | Note
-------+----------+-------------------------------------------
     0 | D:1      | BigDaddyOpFi the Hill Orc Fighter began the quest for the
                  | Orb.
     0 | D:1      | Reached XP level 1. HP: 19/19 MP: 1/1
    71 | D:1      | Found a faded altar of an unknown god.
   117 | D:1      | Reached XP level 2. HP: 23/27 MP: 2/2
  1109 | D:2      | Reached skill level 4 in Fighting
  1109 | D:2      | Reached XP level 3. HP: 33/33 MP: 3/3
  1341 | D:2      | Found Haimn's Magic Scroll Emporium.
  2064 | D:3      | Reached XP level 4. HP: 35/40 MP: 4/4
  2555 | D:4      | Noticed a two-headed ogre
  2559 | D:4      | Slain by a two-headed ogre

Illustrated notes

Levels and vault maps discovered:
D:1:      minmay_arrival_shoal_huts, layout_basic,
          dreamdust_ecumenical_altar_drowned_temple,
          amcnicky_mini_corridor_feature, nicolae_figureground_sparkle
D:2:      layout_loops_cross, serial_shops, shop_fountains
D:3:      layout_basic
D:4:      layout_loops_cross, roderic_batcave, st_stairs_14

Skill      XL: |  1  2 |
---------------+-------+-----
Axes           | 3 |  3.7
Fighting       | 4 |  4.3
Armour         | |  3.9
Shields        | |  3.9

Action                     |  1- 3 |  4- 6 || total
---------------------------+-------+-------++-------
  Melee: War axe           |    91 |    18 ||   109
    Use: Potion            |       |     5 ||     5
         Scroll            |       |     4 ||     4
 Armour: Scale mail        |    51 |     6 ||    57
  Dodge: Dodged            |    52 |     8 ||    60
  Block: Buckler           |    17 |     7 ||    24

Table legend: (Time is in decaauts)
 A = Elapsed time spent in this place.
 B = Non-inter-level travel time spent in this place.
 C = Inter-level travel time spent in this place.
 D = Time resting spent in this place.
 E = Time spent auto-exploring this place.
 F = Levels seen in this place.
 G = Mean time per level.
                   A        B        C        D        E       F      G
               +--------+--------+--------+--------+--------+-----+--------+
         Total |   2608 |   2500 |    108 |    102 |   2040 |   4 |  652.0 |
       Dungeon |   2608 |   2500 |    108 |    102 |   2040 |   4 |  652.0 |
               +--------+--------+--------+--------+--------+-----+--------+

Top non-repeatable levels by time:
     D:2: 935 daAuts
     D:3: 860 daAuts
     D:1: 786 daAuts
     D:4: 26 daAuts
